 Dungeon Crawl Stone Soup version 0.31.0-11-ge490571c62 (webtiles) character file.

Game seed: 2144264862047183417

19469 raph the Fencer (level 12, -2/106 HPs)
             Began as a Minotaur Berserker on Feb 4, 2024.
             Was an Elder of Trog.
             Slain by a yaktaur captain
             ... wielding the staff of the Priest {rPois Will+ Int-3 Fire Alchemy}
              (12 damage)
             ... on level 11 of the Dungeon.
             The game lasted 00:20:25 (15037 turns).

raph the Fencer (Minotaur Berserker)               Turns: 15037, Time: 00:20:26

Health: -2/106     AC: 20    Str: 29    XL:     12   Next: 36%
Magic:  1/11       EV: 16    Int:  4    God:    Trog [****..]
Gold:   976        SH:  0    Dex: 14    Spells: 11/11 levels left

rFire   + . .        a - +3 double sword (elec)
rCold   . . .        (no shield)
rNeg    . . .        r - +3 plate armour of Sloth {rF+}
rPois   .            (helmet restricted)
rElec   .            (no cloak)
rCorr   .            G - +2 pair of gloves {infuse}
SInv    .            (no boots)
Will    ++...        (no amulet) Stlth
                     A - +6 ring of strength
HPRegen 1.37/turn    l - +5 ring of evasion
MPRegen 0.12/turn

%: infuse magic (1 MP)
@: lethally poisoned (-2 -> -2), strong-willed, on berserk cooldown,
regenerating, slowed, very slow
A: horns 2, retaliatory headbutt
a: Renounce Religion, Berserk, Trog's Hand, Brothers in Arms


You were on level 11 of the Dungeon.
You worshipped Trog.
Trog was greatly pleased with you.
You visited 1 branch of the dungeon, and saw 11 of its levels.
You also visited: Bailey.

You collected 1264 gold pieces.
You spent 288 gold pieces at shops.

Inventory:

Hand Weapons
 a - a +3 double sword of electrocution (weapon)
 b - a +4 scimitar of flaming
 x - a +0 long sword
 z - a +0 rapier
 F - a +0 vampiric falchion
 H - a +2 falchion
 L - a +0 falchion
 S - a +0 scimitar
 U - a +1 scimitar of flaming
Missiles
 f - 31 poisoned darts
 p - a throwing net
 y - 13 boomerangs
 D - 11 curare-tipped darts (quivered)
Armour
 g - a +1 chain mail
 r - the +3 plate armour of Sloth (worn) {rF+}
   (You acquired it on level 8 of the Dungeon)

   rF+:       It protects you from fire.
 G - a +2 pair of gloves of infusion (worn)
Jewellery
 e - a ring of willpower
 l - a +5 ring of evasion (right hand)
 A - a +6 ring of strength (left hand)
 I - a ring of resist corrosion
 P - a ring of fire
Talismans
 Q - a blade talisman
Wands
 n - a wand of polymorph (10)
 o - a wand of quicksilver (1)
 C - a wand of flame (22)
 T - a wand of paralysis (8)
Scrolls
 c - a scroll of vulnerability
 i - 4 scrolls of fear
 k - a scroll of teleportation
 B - a scroll of fog
 J - a scroll of enchant armour
 M - a scroll of blinking
 N - a scroll of revelation
 O - 2 scrolls of identify
 R - 3 scrolls of immolation
 V - a scroll of poison
Potions
 d - 3 potions of curing
 h - 2 potions of might
 j - 3 potions of mutation
 m - a potion of brilliance
 q - a potion of enlightenment
 s - 2 potions of haste
 t - a potion of berserk rage
 u - a potion of attraction
 v - 2 potions of heal wounds
 w - 2 potions of lignification
 E - a potion of invisibility
 K - a potion of cancellation


   Skills:
 + Level 9.8 Fighting
 * Level 15.8 Long Blades
 + Level 5.7 Throwing
 + Level 9.3 Armour
 + Level 8.5 Dodging
 + Level 6.7 Evocations


You had 11 spell levels left.
You didn't know any spells.
Your spell library was empty.

Dungeon Overview and Level Annotations

Branches:
Dungeon (11/15)            Temple (0/1) D:5            Lair (0/5) D:11
    Orc (0/2) D:9          Bailey (visited)

Altars:
Ashenzari
Elyvilon
Fedhas
Makhleb
Ru
Sif Muna
Trog
Uskayaw
Vehumet
Wu Jian
Xom
Zin

Shops:
D:2 :   D:6 =   D:8 *

Annotations:
D:11 2 transporters, phunky83's ghost, novice DsGl


Innate Abilities, Weirdness & Mutations

You have a pair of horns on your head.
You reflexively headbutt those who attack you in melee.


Message History

Your +4 scimitar of flaming stops flaming.
You hear the crackle of electricity.
a - a +3 double sword of electrocution (weapon)
You feel sick.
The yaktaur captain hits you but does no damage.
The yaktaur captain envenoms you!
You are more poisoned.
You slash the yaktaur captain!
The yaktaur captain is lightly wounded.
You feel sick.
The yaktaur captain hits you with the staff of the Priest {rPois Will+ Int-3 Fire Alchemy}!
The yaktaur captain envenoms you.
* * * LOW HITPOINT WARNING * * *
You are more poisoned.
Your skin crawls.
You feel strong-willed.
You feel sick.
The yaktaur captain hits you with the staff of the Priest {rPois Will+ Int-3 Fire Alchemy}!
* * * LOW HITPOINT WARNING * * *
The yaktaur captain envenoms you!
* * * LOW HITPOINT WARNING * * *
You are more poisoned.
You feel much better.
You feel sick. The yaktaur captain misses you.
The yaktaur captain closely misses you. You furiously retaliate!
You headbutt the yaktaur captain.
You fail to use your ability.
You feel sick.
The yaktaur captain hits you but does no damage.
The yaktaur captain envenoms you.
* * * LOW HITPOINT WARNING * * *
You are more poisoned.
Your polar bear goes berserk!
You feel sick.
The yaktaur captain hits you but does no damage.
The yaktaur captain envenoms you!
* * * LOW HITPOINT WARNING * * *
You are more poisoned.
The yaktaur captain hits you with the staff of the Priest {rPois Will+ Int-3 Fire Alchemy}.
* * * LOW HITPOINT WARNING * * *
The yaktaur captain envenoms you!
You die...

#.......<......####
.####....).....#
#..#†.####.####
#..##.# #.....
########.# #.####
#..#.#...# #.# #
#h.##.#### #.# #
#..#.#.# #.## #
#@#†#..# #..# #
#..#c#.### ##.# #
#.#○#.#)$# #.###
##B#...### #.##.
#.#.###.. #.##.
#.#.. ### #)##.
#Z#☼# #.##. .#..
#######.##. ..
#..........


You could see a yaktaur captain (ally target) and a friendly polar bear
(summoned, berserk).

Vanquished Creatures
  Snorg (D:11)
  A hydra (D:11)
  A boulder beetle (D:11)
  2 two-headed ogres
  2 orc knights
  A deep elf pyromancer (D:11)
  3 ugly things
  A wolf spider (D:10)
  An orc sorcerer (Bailey)
  A cyclops (D:11)
  Maggie (D:6)
  A yaktaur (D:10)
  3 efreet (D:11)
  A komodo dragon (D:10)
  A freezing wraith (D:11)
  An unseen horror (D:10)
  A troll (D:10)
  A hornet (D:10)
  14 yaks
  2 wyverns
  2 wraiths
  3 basilisks
  2 steam dragons
  An acid dragon (D:9)
  A water moccasin (D:7)
  Duvessa (D:6)
  A sky beast (D:6)
  4 ogres
  A swamp drake (D:9)
  13 orc warriors
  An ice beast (D:7)
  6 centaurs
  A boggart (D:11)
  2 phantoms (D:7)
  8 kobold brigands
  3 bullfrogs
  Blork the orc (D:4)
  A gnoll sergeant (D:10)
  3 scorpions
  11 wights
  Dowan (D:6)
  15 killer bees
  3 howler monkeys
  5 electric eels (Bailey)
  2 bombardier beetles
  A jelly (D:8)
  A hound (D:5)
  A gnoll bouda (D:7)
  10 orc priests
  4 iguanas
  2 sleepcaps
  Terence (D:2)
  13 orc wizards
  8 gnolls
  7 adders
  3 shadow imps
  An ufetubus (D:6)
  2 dart slugs
  2 ribbon worms
  55 orcs
  6 endoplasms
  3 giant cockroaches
  13 hobgoblins
  17 jackals
  2 quokkas
  3 ball pythons
  7 bats
  2 frilled lizards
  17 goblins
  35 kobolds
  2 rats
350 creatures vanquished.

Vanquished Creatures (collateral kills)
  An orc sorcerer (Bailey)
1 creature vanquished.

Vanquished Creatures (others)
  A gnoll (D:7)
  An ufetubus (D:6)
2 creatures vanquished.

Grand Total: 353 creatures vanquished

Notes
Turn   | Place    | Note
-------+----------+-------------------------------------------
     0 | D:1      | raph the Minotaur Berserker began the quest for the Orb.
     0 | D:1      | Reached XP level 1. HP: 19/19 MP: 0/0
    85 | D:1      | Reached skill level 4 in Long Blades
    98 | D:1      | Reached XP level 2. HP: 26/26 MP: 1/1
   494 | D:1      | Reached skill level 5 in Long Blades
   519 | D:1      | Reached ** piety under Trog
   643 | D:1      | Reached XP level 3. HP: 31/31 MP: 2/2
  1552 | D:2      | Noticed Terence
  1556 | D:2      | Reached XP level 4. HP: 36/39 MP: 3/3
  1562 | D:2      | Killed Terence
  1563 | D:2      | Reached skill level 6 in Long Blades
  1957 | D:2      | Found Anyx's Book Shoppe.
  2445 | D:3      | Reached skill level 7 in Long Blades
  2445 | D:3      | Reached XP level 5. HP: 45/45 MP: 4/4
  2539 | D:3      | Found a faded altar of an unknown god.
  2542 | D:3      | Found a bloodstained altar of Trog.
  3108 | D:4      | Reached skill level 8 in Long Blades
  3125 | D:4      | Reached *** piety under Trog
  3126 | D:4      | Reached XP level 6. HP: 22/51 MP: 5/5
  3307 | D:4      | Found a glowing silver altar of Zin.
  3531 | D:4      | Reached skill level 9 in Long Blades
  3868 | D:4      | Found a white marble altar of Elyvilon.
  3879 | D:4      | Noticed Blork the orc
  3889 | D:4      | Killed Blork the orc
  3890 | D:4      | Reached XP level 7. HP: 57/57 MP: 6/6
  4067 | D:4      | Reached skill level 10 in Long Blades
  4394 | D:5      | Entered Level 5 of the Dungeon
  4835 | D:5      | Found a staircase to the Ecumenical Temple.
  5049 | D:5      | Reached skill level 11 in Long Blades
  5075 | D:6      | Noticed Duvessa
  5075 | D:6      | Noticed Dowan
  5083 | D:6      | Killed Duvessa
  5087 | D:6      | Killed Dowan
  5091 | D:6      | Reached XP level 8. HP: 62/64 MP: 7/7
  5145 | D:6      | Noticed a +0 hand axe
  5146 | D:6      | Noticed a +0 hand axe
  5149 | D:6      | Found a hide-covered altar of Uskayaw.
  5157 | D:6      | Noticed Maggie
  5171 | D:6      | Reached skill level 12 in Long Blades
  5181 | D:6      | Killed Maggie
  5182 | D:6      | Reached skill level 13 in Long Blades
  6348 | D:6      | Found Gofankot's Jewellery Emporium.
  6630 | D:7      | Reached skill level 14 in Long Blades
  6787 | D:7      | Reached XP level 9. HP: 58/71 MP: 8/8
  6872 | D:7      | Reached skill level 1 in Evocations
  7214 | D:7      | Reached skill level 5 in Fighting
  7588 | D:7      | Found a blossoming altar of Fedhas.
  7697 | D:7      | Reached **** piety under Trog
  7737 | D:7      | Reached skill level 5 in Armour
  7778 | D:7      | Reached skill level 5 in Dodging
  8230 | D:8      | Found Foebloall's Assorted Antiques.
  8238 | D:8      | Bought a glowing falchion for 144 gold pieces
  8238 | D:8      | Bought a crooked copper wand for 96 gold pieces
  8238 | D:8      | Bought a scroll of identify for 48 gold pieces
  8252 | D:8      | Reached XP level 10. HP: 84/84 MP: 9/9
  8387 | D:8      | Identified the +0 plate armour "Irics" {rCorr Str+3 Int+3}
  8421 | D:8      | Found a flagged portal.
  8450 | Bailey   | Entered a bailey
  8569 | Bailey   | Noticed an orc knight
  8591 | Bailey   | Killed an orc knight
  8592 | Bailey   | Reached skill level 1 in Throwing
  8986 | Bailey   | Noticed an orc sorcerer
  8990 | Bailey   | Noticed an orange demon
  8995 | Bailey   | Killed an orc sorcerer
  9930 | Bailey   | Found an iron altar of Okawaru.
  9930 | Bailey   | Noticed an orc sorcerer
  9936 | Bailey   | Killed an orc sorcerer
  9937 | Bailey   | Reached skill level 5 in Evocations
 10370 | D:8      | Acquired a +2 double sword of electrocution
 10373 | D:8      | Acquired the +3 plate armour of Sloth {rF+}
 10711 | D:8      | Noticed a two-headed ogre
 10717 | D:8      | Killed a two-headed ogre
 10865 | D:8      | Reached XP level 11. HP: 92/94 MP: 7/10
 10967 | D:8      | Found a shimmering blue altar of Sif Muna.
 11318 | D:9      | Found a burning altar of Makhleb.
 11318 | D:9      | Found an ornate altar of the Wu Jian Council.
 11318 | D:9      | Found a broken altar of Ashenzari.
 11372 | D:9      | Found a shimmering altar of Xom.
 11372 | D:9      | Found a shimmering altar of Xom.
 11375 | D:9      | Found a shimmering altar of Xom.
 11375 | D:9      | Found a shimmering altar of Xom.
 11375 | D:9      | Found a shimmering altar of Xom.
 11379 | D:9      | Found a shimmering altar of Xom.
 11816 | D:9      | Found a staircase to the Orcish Mines.
 12381 | D:10     | Entered Level 10 of the Dungeon
 12414 | D:10     | Found a sacrificial altar of Ru.
 12603 | D:10     | Noticed a red ugly thing
 12612 | D:10     | Killed a red ugly thing
 12652 | D:10     | Noticed a wolf spider
 12663 | D:10     | Killed a wolf spider
 13351 | D:10     | Noticed a two-headed ogre
 13354 | D:10     | Killed a two-headed ogre
 13355 | D:10     | Reached skill level 15 in Long Blades
 13430 | D:11     | Noticed a boulder beetle
 13432 | D:11     | Found a transporter.
 13432 | D:11     | Noticed phunky83's ghost (novice DsGl)
 13432 | D:11     | Noticed an ettin
 13432 | D:11     | Noticed an ogre mage
 13509 | D:11     | Found a transporter.
 13521 | D:11     | Found a staircase to the Lair.
 14150 | D:10     | Reached skill level 5 in Throwing
 14204 | D:10     | Found a radiant altar of Vehumet.
 14299 | D:11     | Noticed Snorg
 14311 | D:11     | Killed Snorg
 14312 | D:11     | Reached XP level 12. HP: 104/104 MP: 3/11
 14999 | D:11     | Noticed a five-headed hydra
 15001 | D:11     | Noticed a boulder beetle
 15009 | D:11     | Killed a two-headed hydra
 15014 | D:11     | Killed a boulder beetle
 15030 | D:11     | Identified the staff of the Priest {rPois Will+ Int-3 Fire
                  | Alchemy}
 15030 | D:11     | Noticed a yaktaur captain
 15037 | D:11     | Slain by a yaktaur captain

Illustrated notes

Levels and vault maps discovered:
D:1:      wheals_arrival_linesprint, layout_loops_ring, kennysheep_another_room,
          minmay_heptomino_d4
D:2:      layout_basic, serial_shops, nicolae_lakefront_shop, uniq_terence
D:3:      layout_basic, nicolae_overflow_ecumenical_swirl
D:4:      layout_loops_ring, kennysheep_little_box, zin_academy,
          uniq_blork_the_orc
D:5:      layout_basic, minmay_temple_entry_enclosed_plants, minivault_11
D:6:      layout_basic, dancing_weapons_uskayaw, serial_shops,
          nicolae_lakefront_shop, uniq_maggie, uniq_duvessa
D:7:      minmay_polygon_palace, layout_rooms,
          mainiacjoe_overflow_cross_hatched, serial_aquarium,
          aquarium_bridge_square [aquarium_subvault_bridge,
          aquarium_subvault_wall, aquarium_subvault_window,
          aquarium_subvault_window], aquarium_bridge_square
          [aquarium_subvault_window, aquarium_subvault_bridge,
          aquarium_subvault_window, aquarium_subvault_window],
          aquarium_window_1, aquarium_window_fake, aquarium_view_2b,
          aquarium_view_2c, aquarium_balcony_double_3
D:8:      layout_rooms, lemuel_round_altar, serial_shops, shop_statue,
          enter_bailey_1, nicolae_underground_beach
D:9:      layout_loops_ring, xom_redecorated,
          gammafunk_temple_overflow_forgotten, erik_orc_1
D:10:     wad_statue_garden, layout_irregular_city, marbit_many_paths,
          nicolae_ru_awakened_eye
D:11:     minmay_tearing_corner, layout_loops_ring, david_lair_generic,
          gammafunk_ghost_arena, kennysheep_path_1, uniq_snorg

Skill      XL: |  1  2  3  4  5  6  7  8  9 10 11 12 |
---------------+-------------------------------------+-----
Long Blades    | 4 5 7 8 9 11 14 15 | 15.8
Fighting       | 6 8 9 |  9.8
Evocations     | 3 5 6 |  6.7
Armour         | 5 7 8 9 |  9.3
Dodging        | 5 6 8 |  8.5
Throwing       | 3 5 |  5.7

Action                     |  1- 3 |  4- 6 |  7- 9 | 10-12 || total
---------------------------+-------+-------+-------+-------++-------
  Melee: Falchion          |    93 |   118 |       |       ||   211
         Headbutt          |    17 |    12 |    54 |    92 ||   175
         Punch             |     1 |       |     5 |     5 ||    11
         Long sword        |       |       |   277 |   155 ||   432
         Double sword      |       |       |       |   253 ||   253
         Scimitar          |       |       |       |     9 ||     9
  Throw: Dart              |       |     1 |     3 |    15 ||    19
         Boomerang         |       |       |       |     1 ||     1
 Invoke: Berserk           |     4 |     7 |    10 |    14 ||    35
         Trog's Hand       |       |       |     4 |     8 ||    12
         Brothers in Arms  |       |       |       |     2 ||     2
  Evoke: Wand              |       |       |       |     8 ||     8
    Use: Scroll            |       |    10 |    12 |     9 ||    31
         Potion            |       |       |     1 |     4 ||     5
   Stab: Invisible         |       |       |       |     3 ||     3
         Confused          |       |       |       |     1 ||     1
 Armour: Leather armour    |    17 |       |       |       ||    17
         Chain mail        |    47 |    73 |   141 |       ||   261
         Skin              |       |     3 |       |       ||     3
         Plate armour      |       |       |     1 |   246 ||   247
  Dodge: Dodged            |    40 |    40 |   155 |   259 ||   494
